Zazza, neutral female human Tourist # -------------- --.-- -------------- |<...........|##########....| ..{..........-## |............|# |...| |.....i..@...| # |............|# |...| |............+### |............|# #....| |............|# -+--.----.----# #|>..| |......$....`|# ##### ######## #|...| ------------- # ## # #----- # ### # #### # # # ### # # ############## # # # -+-.-+-- # # ## |......-### # # --------|----- |......| ##### # # |............| |......| ###-.---# # |............| |.>....| #....|# # |............| -------- |%..|# ##.............| |....# -------------- ----- Zazza the Sightseer Experience level: 3 Strength: 18 Dexterity: 9 Constitution: 15 Intelligence: 12 Wisdom: 11 Charisma: 17 Health: 0(21) Energy: 8(8) Def: 3 Gold: 63 Moves: 1574 Dungeon seed: FjtlV05inyscv0fx Game ID: Zazza_1570263959 Your Inventory: Coins $ - 63 gold pieces Weapons a - 26 +2 darts (in quiver) l - a +0 morning star (weapon in hand) u - a +0 orcish dagger B - a cursed +0 elven dagger Armor e - an uncursed +0 Hawaiian shirt (being worn) n - an uncursed +0 pair of kicking boots (being worn) q - a cursed +0 oilskin cloak (being worn) y - an uncursed +0 orcish helm (being worn) Tools j - an expensive camera (0:65) k - an uncursed skeleton key A - an uncursed sack Contents of the sack: 373 gold pieces 2 uncursed eggs 6 uncursed food rations 2 uncursed fortune cookies 2 uncursed slime molds an uncursed scroll of gold detection an uncursed scroll of light a cursed scroll of light 2 blessed scrolls of magic mapping 2 uncursed scrolls of magic mapping an uncursed scroll of remove curse an uncursed potion of booze 2 uncursed potions of extra healing an uncursed credit card an uncursed worthless piece of orange glass an uncursed worthless piece of white glass Spells and supernatural/magical abilities: Name Level Category Fail Memory W - pray for help -- divine ? -- Your skills at the end: Fighting Skills Weapon Skills dart [Basic] Spellcasting Skills Final Attributes: You were devoutly aligned. You are dead. Vanquished creatures: a floating eye 2 coyotes a hobbit a yellow mold a gecko 3 jackals a kobold a goblin 3 sewer rats 2 grid bugs 4 lichens 6 newts 26 creatures vanquished. Voluntary challenges: You were an atheist. You used a wielded weapon 18 times, starting on turn 77. You were illiterate. You never genocided any monsters. You never polymorphed an object. You never changed form. You used no wishes. You never split a pudding. You never wrote Elbereth's name. You never violated your personal moral code. Dungeon overview: The Dungeons of Doom: levels 1 to 4 Level 1 a fountain, a sink a long staircase Level 2 some fountains Level 3 some fountains Level 4 (gold) <- You were here a fountain a long staircase History has recorded: On T:1 you entered the Dungeons of Doom to retrieve the Amulet of Yendor! On T:396 you reached level 2 of The Dungeons of Doom. On T:621 you advanced to experience level 2. On T:809 you reached level 3 of The Dungeons of Doom. On T:1079 you advanced to experience level 3. On T:1369 you reached level 4 of The Dungeons of Doom. Score breakdown: Gold: 409 ( 8887 points) Experience: 3 levels ( 7878 points) Exploration: 4 levels ( 8.16%) ( 7500 points) Discoveries: 2 items ( 0.67%) ( 2457 points) Valuables value: (no points given unless you survive) Artifact value: 0 ( 0 points) Variety of kills: 12 monsters ( 3.15%) ( 5324 points) Turncount: 1574 turns ( 0 points) Survival: died (score multiplied by 80%) Total score: 25636 Latest messages: You finish eating the food ration. You displace your little dog. You stop. Your little dog is in the way! You displace your little dog. You kill the newt! You see here a newt corpse. This newt corpse tastes terrible! You hear the footsteps of a guard on patrol. You finish eating the newt corpse. The door opens. You hear some noises in the distance. The door resists! The door opens. Please move the cursor to an unknown object. Never mind. The homunculus zaps a long wand! The bolt of lightning hits you! You die... Final status: Aloha Zazza the Tourist, killed by a bolt of lightning... You died in The Dungeons of Doom on dungeon level 4 with 25636 points, and 436 pieces of gold, after 1574 moves. You were level 3 with a maximum of 21 hit points when you died.